 Dungeon Crawl Stone Soup version 0.26.1-11-gd32895ea62 (webtiles) character file.

Game seed: 6489714536416615783

13927 buriedalive the Destroyer (level 11, -8/66 HPs)
             Began as a Deep Elf Conjurer on May 13, 2021.
             Was a Believer of Ashenzari.
             Mangled by a shadow (30 damage)
             ... in a Gauntlet.
             The game lasted 00:33:57 (16633 turns).

buriedalive the Destroyer (Deep Elf Conjurer)      Turns: 16633, Time: 00:33:58

Health: -8/66      AC: 10    Str:  6    XL:     11   Next: 82%
Magic:  7/22       EV: 17    Int: 29    God:    Ashenzari [**....]
Gold:   309        SH:  5    Dex: 13    Spells: 12/20 levels left

rFire    + . .     SeeInvis .   N - +7 flail of Neurosis {vamp, Will+ Str+2} (curse)
rCold    + . .     Faith    .   x - +2 buckler
rNeg     . . .     Spirit   .   h - +3 leather armour {Will+}
rPois    .         Reflect  .   (no helmet)
rElec    .         Harm     .   T - scarf {rC+ rF+}
rCorr    +         Rampage  .   k - +2 pair of gloves
Will     +++..     NoTele   +   Q - +0 pair of boots {run}
Stlth    ++........             (no amulet)
HPRegen  0.21/turn              b - ring of wizardry
MPRegen  0.18/turn              K - ring of resist corrosion

@: lethally poisoned (-8 -> -9), quick
A: clever 1, high mp 1
a: Renounce Religion, Curse Item, Scrying


You were in a Gauntlet.
You worshipped Ashenzari.
Ashenzari was pleased with you.
You visited 3 branches of the dungeon, and saw 14 of its levels.
You also visited: Gauntlet.

You collected 750 gold pieces.
You spent 441 gold pieces at shops.

Inventory:

Hand Weapons
 p - a +3 dagger of venom
 N - the cursed +7 flail of Neurosis (weapon) {vamp, Will+ Str+2}
   (You found it on level 8 of the Dungeon)

   It inflicts no extra harm, but heals its wielder when it wounds a living foe.
   It affects your strength (+2).
   It affects your willpower, your defense against some magical effects.
   It has a curse placed upon it.
Missiles
 s - 3 atropa-tipped darts
 u - 270 stones
 w - 66 poisoned darts (quivered)
Armour
 c - a +2 robe of cold resistance
 h - a +3 leather armour of willpower (worn)
 k - a +2 pair of gloves (worn)
 x - a +2 buckler (worn)
 E - a +1 cloak
 M - a +1 leather armour of cold resistance
 Q - a +0 pair of boots of running (worn)
 T - a scarf of resistance (worn)
Magical Staves
 a - a cursed staff of poison
 r - an uncursed staff of cold
Jewellery
 b - a ring of wizardry (left hand)
 l - an uncursed ring of wizardry
 G - the ring of Hedonism {rN++ MP+9 Slay+2}
   (You found it in a Gauntlet)

   [ring of magical power]

   It affects your accuracy and damage with ranged weapons and melee attacks
   (+2).
   It greatly protects you from negative energy.
   It affects your magic capacity (+9).
 J - an uncursed ring of flight
 K - a ring of resist corrosion (right hand)
Wands
 i - a wand of disintegration (23)
 v - a wand of flame (43)
 y - a wand of enslavement (17)
 H - a wand of polymorph (10)
 I - a wand of random effects (27)
 L - a wand of digging (2)
 O - a wand of iceblast (11)
Scrolls
 e - 5 scrolls of amnesia
 j - 4 scrolls of blinking
 o - 4 scrolls of immolation
 q - a scroll of fear
 z - a scroll of teleportation
 A - a scroll of enchant weapon
 S - 2 scrolls of remove curse
Potions
 d - 4 potions of might
 f - 3 potions of flight
 g - a potion of haste
 m - 2 potions of magic
 t - 3 potions of curing
 B - a potion of berserk rage
 C - 5 potions of lignification
 D - 3 potions of invisibility
 F - 2 potions of resistance


   Skills:
 + Level 6.9 Fighting
 - Level 12.4 Dodging
 - Level 2.4 Stealth
 - Level 5.0 Spellcasting
 - Level 13.0 Conjurations
 - Level 5.0 Translocations
 + Level 5.4 Ice Magic


You had 12 spell levels left.
You knew the following spells:

 Your Spells              Type           Power        Failure   Level
a - Magic Dart            Conj           100%         1%          1
b - Searing Ray           Conj           100%         1%          2
c - Blink                 Tloc           N/A          1%          2
d - Frozen Ramparts       Ice            76%          2%          3

Your spell library contained the following spells:

 Spells                   Type           Power        Failure   Level
 Dazzling Flash           Conj/Hex       90%          1%          3
 Iskenderun's Mystic Bla  Conj/Tloc      56%          1%          4
 Gell's Gravitas          Tloc           18%          2%          3
 Lesser Beckoning         Tloc           18%          2%          3
 Teleport Other           Tloc           36%          2%          3
 Fulminant Prism          Conj/Hex       22%          4%          4
 Beastly Appendage        Tmut           14%          6%          1
 Passage of Golubria      Tloc           N/A          9%          4
 Wereblood                Tmut           7%           10%         2
 Spider Form              Tmut/Pois      3%           19%         3
 Ice Form                 Ice/Tmut       23%          21%         4
 Summon Ice Beast         Ice/Summ       23%          21%         4
 Petrify                  Tmut/Erth      7%           52%         4
 Blade Hands              Tmut           3%           85%         5
 Statue Form              Tmut/Erth      4%           100%        6


Dungeon Overview and Level Annotations

Branches:
Dungeon (11/15)            Temple (1/1) D:7            Lair (2/6) D:9
Gauntlet (1/1)
  Swamp: Lair:2-4    Shoals: Lair:2-4     Snake: Lair:2-4    Spider: Lair:2-4
    Orc: D:9-12

Altars:
Ashenzari
Cheibriados
Dithmenos
Elyvilon
Fedhas
Gozag
Hepliaklqana
Kikubaaqudgha
Makhleb
Nemelex Xobeh
Okawaru
Qazlal
Ru
Sif Muna
Trog
Uskayaw
Vehumet
Wu Jian
Xom
Yredelemnul
Zin
The Shining One

Shops:
D:7 (   D:9 [

Annotations:
D:3 1 runed translucent door, ISoar's ghost, amateur GnTm
D:8 3 runed translucent doors Gauntlet 6 transporters, 17 runed translucent doors, exclusion: obsidian statue


Innate Abilities, Weirdness & Mutations

Your mind is acute. (Int +2)
You have an increased reservoir of magic. (+10% MP)


Message History

Casting: Searing Ray (safe; 1% risk of failure)
Confirm with . or Enter, or press ? or * to list all spells.
Aiming: Searing Ray (safe; 1% risk of failure)
Press: ? - help, Shift-Dir - straight line, f/p - shadow
Aim: a shadow (almost destroyed, 17% to evade)
The searing ray hits the shadow.
You destroy the shadow! (Press . to maintain the ray.)
* * * LOW HITPOINT WARNING * * *
You feel sick.
You feel much better.
The shadow strikes at you from the darkness!
Casting: Searing Ray (safe; 1% risk of failure)
Confirm with . or Enter, or press ? or * to list all spells.
Aiming: Searing Ray (safe; 1% risk of failure)
Press: ? - help, Shift-Dir - straight line The searing ray hits something! (Press . to maintain the ray.)
The shadow strikes at you from the darkness!
You die...

########################
###≈...........§≈∩≈.......
#8#.......................
###..###########...#######
#..#..[!©.!.W#...#...?©)
###..#.##...##W#...#......
#8#..#.#.###.#.#...#......
###..#..##.##..#...#......
#..#..{@©....#...#....©.
###..#..##.##..#...#......
#8#..#.#.###.*.#.. , ...
###..#.##...##.#.. ...
#..#.........#.. * ...
###..###########.. ###
#8#.....#.©.#....§ .©.
###...8.#...#...≈8≈ ...
#.....#.©.#....≈. .©.


There were no monsters in sight!

Vanquished Creatures
  2 two-headed ogres (D:10)
  A fire crab (Gauntlet)
  A deep elf mage (D:10)
  A cyclops (D:8)
  2 black mambas (Lair:1)
  3 komodo dragons (Lair:1)
  A kobold demonologist (D:8)
  A polar bear (Lair:2)
  A hornet (D:8)
  A slime creature (D:8)
  5 blink frogs (Lair:1)
  Sigmund (D:5)
  2 shadows (Gauntlet)
  3 wraiths
  A wyvern (D:8)
  Grum (D:9)
  2 fire bats (Gauntlet)
  Edmund (D:5)
  3 wargs (D:9)
  Duvessa (D:6)
  A water moccasin (Lair:1)
  4 black bears
  3 phantoms
  3 ice beasts
  A necrophage (D:8)
  6 orc warriors
  3 sky beasts
  4 wolves (D:9)
  5 ogres
  5 centaurs
  4 big kobolds
  Blork the orc (D:6)
  7 bullfrogs
  A gnoll sergeant (D:9)
  Dowan (D:6)
  A water moccasin zombie (D:8)
  2 scorpions
  11 wights
  3 killer bees (D:7)
  3 howler monkeys
  4 bullfrog zombies
  2 quasits
  4 jellies
  4 orc priests
  A centaur skeleton (D:8)
  A bullfrog skeleton (D:8)
  2 hounds
  An iron imp (D:8)
  11 orc wizards
  An iguana (D:6)
  6 worker ants
  2 hound skeletons (D:4)
  5 gnolls (D:9)
  10 adders
  3 shadow imps
  A white imp (D:5)
  4 ufetubi
  2 oozes
  2 worms
  A dart slug (D:2)
  3 leopard geckos
  26 orcs
  3 giant cockroaches
  8 hobgoblins
  7 jackals
  2 quokkas
  4 ball pythons
  8 bats
  5 frilled lizards
  7 goblins
  17 kobolds
  A leopard gecko zombie (D:6)
  A quokka zombie (D:8)
  9 rats
271 creatures vanquished.

Vanquished Creatures (others)
  A plant (D:9)
1 creature vanquished.

Grand Total: 272 creatures vanquished

Notes
Turn   | Place    | Note
-------+----------+-------------------------------------------
     0 | D:1      | buriedalive the Deep Elf Conjurer began the quest for the
                  | Orb.
     0 | D:1      | Reached XP level 1. HP: 10/10 MP: 6/6
   234 | D:1      | Reached XP level 2. HP: 13/15 MP: 4/8
   486 | D:1      | Learned a level 2 spell: Searing Ray
  1198 | D:2      | Reached XP level 3. HP: 18/19 MP: 10/10
  1573 | D:2      | Reached skill level 5 in Conjurations
  1578 | D:2      | Found a sacrificial altar of Ru.
  1592 | D:2      | Reached XP level 4. HP: 20/24 MP: 12/12
  2340 | D:3      | Noticed ISoar's ghost (amateur GnTm)
  2351 | D:3      | Reached XP level 5. HP: 28/28 MP: 8/14
  2471 | D:3      | Found a runed translucent door.
  2580 | D:3      | Reached skill level 5 in Spellcasting
  3087 | D:4      | Noticed an ogre
  3093 | D:4      | Killed an ogre
  3094 | D:4      | Reached skill level 5 in Dodging
  3094 | D:4      | Reached skill level 6 in Conjurations
  3094 | D:4      | Reached XP level 6. HP: 32/32 MP: 10/15
  3181 | D:4      | Found a radiant altar of Vehumet.
  3489 | D:4      | Found a white marble altar of Elyvilon.
  3824 | D:4      | Reached XP level 7. HP: 33/36 MP: 0/16
  4157 | D:4      | Found an ornate altar of the Wu Jian Council.
  4194 | D:5      | Entered Level 5 of the Dungeon
  4199 | D:5      | Reached skill level 7 in Conjurations
  4504 | D:5      | Found a shadowy altar of Dithmenos.
  4912 | D:5      | Reached skill level 8 in Conjurations
  4968 | D:5      | Reached XP level 8. HP: 36/41 MP: 8/17
  5132 | D:5      | Found a shimmering blue altar of Sif Muna.
  5469 | D:5      | Noticed Sigmund
  5471 | D:5      | Killed Sigmund
  5521 | D:5      | Noticed Edmund
  5536 | D:5      | Killed Edmund
  5827 | D:5      | Reached skill level 9 in Conjurations
  6424 | D:6      | Noticed Blork the orc
  6431 | D:6      | Killed Blork the orc
  6432 | D:6      | Reached XP level 9. HP: 40/45 MP: 9/18
  6543 | D:6      | Found a sparkling altar of Nemelex Xobeh.
  6597 | D:6      | Reached skill level 10 in Dodging
  6597 | D:6      | Reached skill level 10 in Conjurations
  6723 | D:6      | Found a glowing silver altar of Zin.
  6728 | D:6      | Noticed Duvessa
  6728 | D:6      | Noticed Dowan
  6967 | D:6      | Killed Duvessa
  6971 | D:6      | Killed Dowan
  7094 | D:7      | Got a crude ring mail
  7429 | D:7      | Found Luklyfit's Antique Weapon Emporium.
  7572 | D:7      | Found a sparkling altar of Nemelex Xobeh.
  7652 | D:7      | Found a staircase to the Ecumenical Temple.
  7712 | Temple   | Entered the Ecumenical Temple
  7765 | Temple   | Became a worshipper of Ashenzari the Shackled
  7795 | D:7      | Learned a level 2 spell: Blink
  8457 | D:8      | Reached skill level 11 in Conjurations
  8880 | D:8      | Found a burning altar of Makhleb.
  9015 | D:8      | Found a runed translucent door.
  9016 | D:8      | Noticed a great orb of eyes
  9016 | D:8      | Noticed an orc knight
  9026 | D:8      | Paralysed by a hornet for 1 turns
  9525 | D:8      | Noticed a kobold demonologist
  9540 | D:8      | Noticed a soul eater
  9544 | D:8      | Killed a kobold demonologist
  9545 | D:8      | Reached XP level 10. HP: 50/50 MP: 6/19
  9690 | D:8      | Identified the cursed ring of Joheuh {+Inv rF- Int-4 Dex+7
                  | SInv}
  9705 | D:8      | Noticed a cyclops
  9728 | D:8      | Killed a cyclops
  9729 | D:8      | Reached skill level 12 in Conjurations
  9831 | D:8      | Identified the +7 flail of Neurosis {vamp, Will+ Str+2}
  9835 | D:8      | Identified the Volume of Glacial Shape Shifting
  9990 | D:8      | Found a runed translucent door.
  9990 | D:8      | Found a runed translucent door.
 10165 | D:8      | Reached skill level 1 in Fighting
 10888 | D:8      | Found a snail-covered altar of Cheibriados.
 10935 | D:8      | Reached skill level 1 in Translocations
 11261 | D:9      | Noticed Grum
 11270 | D:9      | Killed Grum
 11906 | D:9      | Found Byotodd's Armour Boutique.
 12106 | D:9      | Bought a +0 pair of boots of running for 441 gold pieces
 12226 | D:9      | Found a staircase to the Lair.
 12563 | D:10     | Entered Level 10 of the Dungeon
 12638 | D:10     | Noticed a deep elf mage
 12654 | D:10     | Killed a deep elf mage
 12655 | D:10     | Reached XP level 11. HP: 24/60 MP: 14/20
 13015 | D:10     | Noticed a two-headed ogre
 13026 | D:10     | Killed a two-headed ogre
 13027 | D:10     | Reached skill level 13 in Conjurations
 13356 | D:10     | Noticed a two-headed ogre
 13362 | D:10     | Killed a two-headed ogre
 13363 | D:10     | Reached skill level 5 in Translocations
 13654 | D:10     | Reached * piety under Ashenzari
 13844 | D:10     | Reached skill level 5 in Fighting
 14297 | D:11     | Noticed a skeletal warrior
 14298 | D:11     | Noticed a skeletal warrior
 14414 | D:11     | Learned a level 3 spell: Frozen Ramparts
 14438 | D:11     | Noticed a cyan ugly thing
 14526 | Lair:1   | Entered Level 1 of the Lair of Beasts
 14539 | Lair:1   | Reached skill level 1 in Ice Magic
 15689 | Lair:1   | Reached ** piety under Ashenzari
 16120 | Lair:2   | Gained mutation: Your mind is acute. (Int +2) [potion of
                  | mutation]
 16120 | Lair:2   | Gained mutation: You have an increased reservoir of magic.
                  | (+10% MP) [potion of mutation]
 16201 | Lair:2   | Found a gate leading to a gauntlet.
 16210 | Gauntlet | Entered a Gauntlet
 16210 | Gauntlet | Found a transporter.
 16210 | Gauntlet | Found a transporter.
 16210 | Gauntlet | Noticed a fire crab
 16227 | Gauntlet | Found a transporter.
 16231 | Gauntlet | Found a transporter.
 16233 | Gauntlet | Found a large runed translucent door.
 16234 | Gauntlet | Found a large runed translucent door.
 16235 | Gauntlet | Found a large runed translucent door.
 16235 | Gauntlet | Found a large runed translucent door.
 16235 | Gauntlet | Found a runed translucent door.
 16235 | Gauntlet | Found a runed translucent door.
 16236 | Gauntlet | Found a large runed translucent door.
 16237 | Gauntlet | Found a large runed translucent door.
 16238 | Gauntlet | Found a large runed translucent door.
 16238 | Gauntlet | Found a large runed translucent door.
 16239 | Gauntlet | Found a runed translucent gate.
 16239 | Gauntlet | Found a runed translucent gate.
 16239 | Gauntlet | Found a runed translucent gate.
 16240 | Gauntlet | Noticed an obsidian statue
 16241 | Gauntlet | Found a transporter.
 16242 | Gauntlet | Identified the ring of Hedonism {rN++ MP+9 Slay+2}
 16245 | Gauntlet | Found a transporter.
 16255 | Gauntlet | Found a transporter.
 16272 | Gauntlet | Noticed a hell beast
 16276 | Gauntlet | Found a transporter.
 16278 | Gauntlet | Identified the +7 spear of the Gnat {drain, rC+ Str+2
                  | Int+3}
 16294 | Gauntlet | Found a transporter.
 16305 | Gauntlet | Noticed a catoblepas
 16310 | Gauntlet | Found a transporter.
 16312 | Gauntlet | Found a transporter.
 16374 | Gauntlet | Found a large runed translucent door.
 16374 | Gauntlet | Found a large runed translucent door.
 16374 | Gauntlet | Found a large runed translucent door.
 16375 | Gauntlet | Found a large runed translucent door.
 16376 | Gauntlet | Found a large runed translucent door.
 16377 | Gauntlet | Found a large runed translucent door.
 16378 | Gauntlet | Found a large runed translucent door.
 16378 | Gauntlet | Found a large runed translucent door.
 16433 | Gauntlet | Killed a fire crab
 16434 | Gauntlet | Reached skill level 5 in Ice Magic
 16629 | Gauntlet | HP: 2/66 [something (23)]
 16633 | Gauntlet | Mangled by a shadow

Illustrated notes

Levels and vault maps discovered:
D:1:      psy_arrival_fountain, layout_rooms
D:2:      wad_crossroads, layout_rooms, nicolae_ru_great_annihilating_truth
D:3:      layout_rooms, gammafunk_ghost_grave
D:4:      layout_loops_ring, kennysheep_mini_moat,
          pdpol_wu_jian_five_deadly_venoms, old_standard_altar,
          minmay_misc_feat_chi
D:5:      cheibrodos_quashed, layout_rooms, led_sif_book, basic_altar,
          sigmund_edmund_badplayer, uniq_sigmund
D:6:      layout_rooms, nicolae_overflow_crystal_walls,
          nicolae_overflow_hidden_temple, grunt_ministairs_12, uniq_duvessa,
          uniq_blork_the_orc
D:7:      layout_loops_cross, minmay_temple_entry_hall, serial_shops, shop,
          basic_altar, minivault_24
D:8:      minmay_the_grid_triangle_9x9_rhombus_full
          [minmay_the_grid_triangle_9x9_shrine,
          minmay_the_grid_triangle_9x9_warning,
          minmay_the_grid_triangle_9x9_fully_insulated_deathbox,
          minmay_the_grid_triangle_9x9_from_above,
          minmay_the_grid_triangle_9x9_sparse_checkered,
          minmay_the_grid_triangle_9x9_longest,
          minmay_the_grid_triangle_9x9_swiss_cheese,
          minmay_the_grid_triangle_9x9_prize_center], layout_cave_pods,
          slow_altar_2, minmay_starry_boxes
D:9:      layout_basic, erik_lair_orcish_takeover, serial_shops, shop, uniq_grum
D:10:     layout_loops_ring
D:11:     layout_basic, orc_0_dummy, uniq_nergalle
Temple:   zaba_magenta_temple
Lair:1:   layout_cave_pods, infiniplex_staircase_pool_2
Lair:2:   layout_chaotic_city, gauntlet_entry_generic, uniq_gastronok
Gauntlet: gammafunk_gauntlet_hard_choice [gammafunk_gauntlet_arena_grid,
          gammafunk_gauntlet_arena_split_x,
          minmay_gauntlet_arena_make_your_own_arena,
          gammafunk_gauntlet_arena_spirals, gammafunk_gauntlet_arena_corners,
          gammafunk_gauntlet_arena_open, gauntlet_exit_hidden_loot]

Skill      XL: |  1  2  3  4  5  6  7  8  9 10 11 |
---------------+----------------------------------+-----
Dodging        | 3 4 5 6 7 9 12 | 12.4
Spellcasting   | 4 5 |  5.0
Conjurations   | 5 6 8 9 11 12 13 | 13.0
Fighting       | 3 6 |  6.9
Translocations | 4 5 |  5.0
Ice Magic      | 5 |  5.4
Stealth        | |  2.4

Action                   |  1- 3 |  4- 6 |  7- 9 | 10-12 || total
-------------------------+-------+-------+-------+-------++-------
Melee: Dagger            |    37 |    69 |    18 |    43 ||   167
       Flail             |       |       |       |    14 ||    14
Throw: Dart              |       |     1 |     5 |     4 ||    10
 Cast: Magic Dart        |    40 |    27 |    31 |    53 ||   151
       Searing Ray       |     4 |    23 |    75 |    94 ||   196
       Frozen Ramparts   |       |       |       |     1 ||     1
Invok: Curse Item        |       |       |     1 |     1 ||     2
Evoke: Wand              |       |       |       |     2 ||     2
  Use: Scroll            |       |     3 |    18 |    13 ||    34
       Potion            |       |       |     3 |     6 ||     9
 Stab: Sleeping          |     3 |     2 |     2 |       ||     7
Armor: Robe              |    11 |     7 |     7 |     1 ||    26
       Leather armour    |       |    21 |    23 |    43 ||    87
Dodge: Dodged            |    36 |    62 |    89 |   138 ||   325
Block: Buckler           |       |       |     9 |    60 ||    69
